[Event "Irish New Year Events-GM 2020"]
[Site "Dublin"]
[Date "2020.01.03"]
[Round "1.2"]
[White "Pajeken, Jakob Leon"]
[Black "Ryan, Joseph"]
[Result "1/2-1/2"]
[ECO "E43"]
[WhiteElo "2327"]
[BlackElo "2293"]
[Annotator "NA"]
[PlyCount "49"]
[EventDate "2020.01.02"]
[EventType "tourn"]
[EventCountry "IRL"]
[SourceTitle "playchess.com"]
[Source "ChessBase"]
[SourceQuality "1"]
[TimeControl "40/5400+30:1800+30"]

1. d4 Nf6 2. Nf3 e6 3. e3 b6 4. c4 Bb7 5. Nc3 Bb4 6. Bd3 Ne4 7. Qc2 Bxc3+ 8. bxc3 f5 9. O-O O-O 10. Nd2 Qh4 11. f3 Nxd2 12. Bxd2 Nc6 13. Rae1 {[%emt 0:00:30] E43: Nimzo-Indian: Rubinstein: 4...b6} (13. Rab1 Rf6 14. Be1 Qh6 15. Kh1 d6 16. Bf2 Raf8 17. c5 dxc5 18. dxc5 Ne5 19. Be2 Rg6 20. Bg1 Qg5 21. Bb5 {0-1 (63) Duda,J (2660)-Kovalenko,I (2680) Tallinn 2016}) 13... Rf6 14. Bc1 $146 ({Predecessor:} 14. e4 f4 15. e5 Rh6 16. h3 Rf8 17. Rf2 Na5 18. Kf1 Qg3 19. d5 Ba6 20. Re4 g5 21. Bc1 g4 22. fxg4 exd5 23. Rexf4 Re8 24. R4f3 Qh4 25. Bxh6 Qxh6 26. Bxh7+ {1-0 (26) Karavade,E (2330)-Van der Plas,R (2165) Reykjavik 2011}) 14... Na5 15. g3 {[%emt 0:00:30] The position is equal.} Qh5 16. Qe2 Raf8 17. Ba3 R8f7 (17... d6 $11) 18. c5 $14 g5 19. Ba6 Ba8 20. Qf2 (20. Rf2 $14) 20... g4 (20... f4 {is more complex.} 21. exf4 gxf4 22. Re5 fxg3 23. Qxg3+ Qg6) 21. cxb6 axb6 22. fxg4 Qxg4 {[%emt 0:00:30] [#] Hoping for ...Qe4.} 23. Qf4 Qxf4 ({Much weaker is} 23... Qh3 24. Rf2 $14) 24. Rxf4 Bd5 25. Bb4 {[%emt 0:00:30] Accuracy: White = 32%, Black = 47%.} 1/2-1/2

[Event "Irish New Year Events-GM 2020"]
[Site "Dublin"]
[Date "2020.01.03"]
[Round "2.1"]
[White "Astaneh Lopez, Alex"]
[Black "Li, Henry"]
[Result "0-1"]
[ECO "A49"]
[WhiteElo "2432"]
[BlackElo "2288"]
[Annotator "ChessBase"]
[PlyCount "76"]
[EventDate "2020.01.02"]
[EventType "tourn"]
[EventCountry "IRL"]
[SourceTitle "playchess.com"]
[Source "ChessBase"]
[SourceQuality "1"]
[TimeControl "40/5400+30:1800+30"]

1. d4 Nf6 2. Nf3 g6 3. g3 Bg7 4. Bg2 O-O 5. O-O d6 6. Nc3 c6 7. e4 Qa5 8. Re1 e5 9. h3 Re8 10. Be3 Nbd7 11. dxe5 dxe5 12. Nd2 Qc7 13. Nc4 Bf8 14. a4 a5 15. Qf3 Be7 16. Bf1 b6 17. Rad1 Rb8 18. Bg5 Kg7 19. Qe3 Bc5 20. Bh6+ Kg8 21. Qf3 Bf8 22. Bg5 Kg7 23. b3 h6 24. Bc1 Be7 25. Bb2 Bb4 26. Ne3 Nh7 27. h4 Ndf6 28. Re2 Bc5 29. Red2 h5 30. Ne2 Qe7 31. Nc4 Ng4 32. Nf4 Nxf2 33. Rxf2 Bg4 34. Nxe5 Bxf3 35. Nexg6+ Qf6 36. Bxf6+ Nxf6 37. e5 Bxd1 38. exf6+ Kxf6 0-1

[Event "Irish New Year Events-GM 2020"]
[Site "Dublin"]
[Date "2020.01.03"]
[Round "2.3"]
[White "Brady, Stephen"]
[Black "Collins, Sam E."]
[Result "1/2-1/2"]
[ECO "C54"]
[WhiteElo "2285"]
[BlackElo "2446"]
[Annotator "NA"]
[PlyCount "138"]
[EventDate "2020.01.02"]
[EventType "tourn"]
[EventCountry "IRL"]
[SourceTitle "playchess.com"]
[Source "ChessBase"]
[SourceQuality "1"]
[TimeControl "40/5400+30:1800+30"]

1. e4 e5 2. Nf3 Nc6 3. Bc4 Bc5 4. c3 Nf6 5. d3 a6 6. Nbd2 d6 7. Bb3 Ba7 8. h3 O-O 9. Nf1 d5 10. Qe2 {[%emt 0:00:08] C54: Giuoco Piano: 4 c3 Nf6, main lines with 5 d4 and 5 d3} Be6 11. Ng3 dxe4 12. dxe4 Bxb3 13. axb3 {[%emt 0:00:05] [#]} a5 $146 ({Predecessor:} 13... Qd7 14. Nh2 a5 15. O-O Qe6 16. Qb5 Bb6 17. Nf3 Ne8 {½-½ (43) Tiviakov,S (2663)-Sargissian,G (2676) Antalya 2013}) 14. Bg5 Qd6 15. Nf5 Qe6 16. Bxf6 Qxf6 17. O-O Rfd8 18. Rfd1 Bb6 19. Nd2 Ne7 20. Nxe7+ Qxe7 21. Nc4 Qc5 $1 22. Ne3 c6 23. Rxd8+ Rxd8 24. Rd1 Qf8 25. Rd3 Rxd3 (25... Rd5 $2 ) (25... g6 $11) 26. Qxd3 Qd8 $19 27. Qxd8+ Bxd8 28. Kf1 f6 29. Ke2 Kf7 30. Kd3 Ke6 31. f3 g6 32. g4 Bb6 33. Nc4 Bd8 34. Ne3 Bb6 35. Nc4 Bc7 36. Ne3 Bd8 37. Nc4 Bc7 38. Ne3 Kf7 39. Nc4 Ke7 40. Ne3 Ke6 41. Nc4 b5 42. Ne3 Bb6 43. Ng2 Bf2 44. Ke2 Bb6 45. Kd3 Bf2 46. Ke2 Bc5 47. Kd3 Bf8 48. Ke2 Bh6 49. Kd3 Bc1 50. Kc2 Bg5 51. Kd3 Kd6 52. Ne1 Bh4 53. Ng2 Bg3 54. Ne3 Kc5 55. Nc2 Kd6 56. Ne3 Bf2 57. Ng2 Kc5 58. Ke2 Bg3 59. Kd3 Kb6 60. Ne3 Bf4 61. Ng2 Bg5 62. Ne1 Bh4 63. Ng2 Bg3 64. Ne3 Kc5 65. Nc2 Kd6 66. Ne3 Bf2 67. Ng2 Kc5 68. Ke2 Bg3 69. Kd3 Bf2 1/2-1/2

[Event "Irish New Year Events-GM 2020"]
[Site "Dublin"]
[Date "2020.01.03"]
[Round "2.4"]
[White "Kosten, Anthony C."]
[Black "Pajeken, Jakob Leon"]
[Result "1/2-1/2"]
[ECO "A07"]
[WhiteElo "2402"]
[BlackElo "2327"]
[Annotator "NA"]
[PlyCount "87"]
[EventDate "2020.01.02"]
[EventType "tourn"]
[EventCountry "IRL"]
[SourceTitle "playchess.com"]
[Source "ChessBase"]
[SourceQuality "1"]
[TimeControl "40/5400+30:1800+30"]

1. Nf3 d5 2. g3 Nf6 3. Bg2 Nbd7 4. c4 dxc4 5. Na3 e5 6. Nxc4 {[%emt 0:01:43] A07: Réti Opening: New York and Capablanca Systems} e4 7. Ng5 Nc5 {[%emt 0:00:17] [#]} 8. d3 $1 $146 ({Predecessor:} 8. Ne5 Be6 9. Nxe6 fxe6 10. O-O Qd4 11. d3 Qxe5 {1-0 (53) Pantsulaia,L (2607)-Svane,R (2555) Doha 2016}) 8... Bg4 9. Nxe4 Nfxe4 10. dxe4 Qxd1+ 11. Kxd1 O-O-O+ 12. Ke1 Be6 13. Nd2 g6 14. e5 Bg7 15. Nf3 Nd7 16. Ng5 Nxe5 17. Nxe6 fxe6 18. Bf4 h6 19. h4 Ng4 20. Rb1 e5 21. Bh3 exf4 22. Bxg4+ Kb8 23. gxf4 Rd6 24. Bf3 Rf8 25. e3 Rb6 26. Rg1 Bxb2 $16 27. Kd2 Rff6 28. Be4 Rfd6+ 29. Kc2 Bf6 30. Rxb6 axb6 31. Rxg6 Bxh4 32. Rxd6 cxd6 33. f3 Kc7 34. Kd3 b5 35. Kd4 b4 36. Bd5 Be1 37. Ke4 Kd7 38. Kf5 Ke7 39. e4 Bd2 40. e5 b6 41. Bc4 h5 42. exd6+ Kxd6 43. Kg5 Ke7 44. Kxh5 1/2-1/2

[Event "Irish New Year Events-GM 2020"]
[Site "Dublin"]
[Date "2020.01.03"]
[Round "3.4"]
[White "Li, Henry"]
[Black "Kosten, Anthony C."]
[Result "1/2-1/2"]
[ECO "C78"]
[WhiteElo "2288"]
[BlackElo "2402"]
[Annotator "NA"]
[PlyCount "42"]
[EventDate "2020.01.02"]
[EventType "tourn"]
[EventCountry "IRL"]
[SourceTitle "playchess.com"]
[Source "ChessBase"]
[SourceQuality "1"]
[TimeControl "40/5400+30:1800+30"]

1. e4 e5 2. Nf3 Nc6 3. Bb5 a6 4. Ba4 Nf6 5. O-O Bc5 6. c3 O-O 7. d4 Ba7 8. dxe5 Nxe4 9. Qd5 Nc5 10. Bc2 Ne7 11. Qd1 d6 12. Bg5 Bg4 13. Qd4 h5 14. exd6 cxd6 15. Qd1 Ne6 16. Bxe7 Qxe7 17. h3 Bxf3 18. Qxf3 g6 19. Nd2 Rad8 20. Rfe1 d5 21. Nb3 Qh4 1/2-1/2

[Event "Irish New Year Events-GM 2020"]
[Site "Dublin"]
[Date "2020.01.04"]
[Round "4.1"]
[White "Li, Henry"]
[Black "Ryan, Joseph"]
[Result "0-1"]
[ECO "B01"]
[WhiteElo "2288"]
[BlackElo "2293"]
[Annotator "ChessBase"]
[PlyCount "126"]
[EventDate "2020.01.02"]
[EventType "tourn"]
[EventCountry "IRL"]
[SourceTitle "playchess.com"]
[Source "ChessBase"]
[SourceQuality "1"]
[TimeControl "5400+30"]

1. e4 d5 2. exd5 Qxd5 3. Nc3 Qd6 4. d4 Nf6 5. Nf3 c6 6. g3 Bg4 7. Bg2 e6 8. O-O Be7 9. Bf4 Qd8 10. h3 Bxf3 11. Qxf3 O-O 12. Rad1 Nbd7 13. Rfe1 Qa5 14. a3 Rfe8 15. Ra1 Qb6 16. Qd3 Rad8 17. b4 Nd5 18. Nxd5 cxd5 19. c3 Rc8 20. Bd2 Qc6 21. f4 Nb6 22. f5 Bf6 23. fxe6 fxe6 24. h4 Nc4 25. Bc1 Nd6 26. Bd2 Qc4 27. Qxc4 Nxc4 28. Bg5 Bxg5 29. hxg5 Kf7 30. Ra2 Nd6 31. Rf2+ Kg6 32. Rfe2 Kf7 33. Rf2+ Ke7 34. Re3 Kd7 35. Bf1 Re7 36. a4 Nf7 37. g6 hxg6 38. Bd3 g5 39. Bg6 Nd6 40. Rc2 Rf8 41. Re5 g4 42. Bh5 Rf5 43. Bxg4 Rxe5 44. dxe5 Nc4 45. Re2 a5 46. Kf1 Re8 47. bxa5 Nxa5 48. Rb2 Kc7 49. Rf2 Re7 50. Ke2 Nc4 51. Bh3 Nxe5 52. Ke3 Nc4+ 53. Kd4 Kd6 54. Rf8 e5+ 55. Kd3 Nb2+ 56. Kc2 Nxa4 57. Rd8+ Kc6 58. Bg2 e4 59. c4 dxc4 60. Rc8+ Kd5 61. Bf1 b5 62. Rb8 Kc5 63. Rc8+ Kb4 0-1

[Event "Irish New Year Events-GM 2020"]
[Site "Dublin"]
[Date "2020.01.04"]
[Round "4.3"]
[White "Kosten, Anthony C."]
[Black "Fitzsimons, David"]
[Result "0-1"]
[ECO "A25"]
[WhiteElo "2402"]
[BlackElo "2317"]
[Annotator "ChessBase"]
[PlyCount "52"]
[EventDate "2020.01.02"]
[EventType "tourn"]
[EventCountry "IRL"]
[SourceTitle "playchess.com"]
[Source "ChessBase"]
[SourceQuality "1"]
[TimeControl "5400+30"]

1. c4 Nf6 2. g3 g6 3. Bg2 Bg7 4. Nc3 O-O 5. e3 d6 6. Nge2 e5 7. O-O Nc6 8. h3 Be6 9. Nd5 Ne7 10. Nxe7+ Qxe7 11. b3 Qd7 12. Kh2 d5 13. d4 exd4 14. Nxd4 dxc4 15. Ba3 Rfd8 16. Bxb7 Bxh3 17. Bxa8 Bxf1 18. Qxf1 Rxa8 19. Qxc4 Ng4+ 20. Kg2 Ne5 21. Qb5 c6 22. Qa5 Qg4 23. Rc1 Qe4+ 24. Kg1 h5 25. Bd6 Ng4 26. Bc5 Nxe3 0-1

[Event "Irish New Year Events-GM 2020"]
[Site "Dublin"]
[Date "2020.01.04"]
[Round "4.5"]
[White "Turner, Matthew J"]
[Black "Pajeken, Jakob Leon"]
[Result "1/2-1/2"]
[ECO "C68"]
[WhiteElo "2521"]
[BlackElo "2327"]
[Annotator "RC"]
[PlyCount "50"]
[EventDate "2020.01.02"]
[EventType "tourn"]
[EventCountry "IRL"]
[SourceTitle "playchess.com"]
[Source "ChessBase"]
[SourceQuality "1"]
[TimeControl "5400+30"]

1. e4 e5 2. Nf3 Nc6 3. Bb5 a6 4. Bxc6 dxc6 5. O-O Qf6 6. d4 exd4 7. Bg5 Qd6 8. Nxd4 Bd7 9. Nc3 Ne7 10. Nb3 Qxd1 11. Raxd1 f6 12. Bf4 O-O-O 13. Nc5 Ng6 14. Rxd7 Rxd7 15. Nxd7 Kxd7 16. Rd1+ Bd6 17. Bg3 h5 18. Na4 Ke7 19. Bxd6+ cxd6 20. Nb6 Kd8 21. Nc4 Kc7 22. f3 Ne5 23. Ne3 b5 24. Kf2 g6 25. Rd4 Rb8 1/2-1/2

[Event "Irish New Year Events-GM 2020"]
[Site "Dublin"]
[Date "2020.01.04"]
[Round "5.1"]
[White "Li, Henry"]
[Black "Pert, Nicholas"]
[Result "1/2-1/2"]
[ECO "B32"]
[WhiteElo "2288"]
[BlackElo "2558"]
[Annotator "RC"]
[PlyCount "93"]
[EventDate "2020.01.02"]
[EventType "tourn"]
[EventCountry "IRL"]
[SourceTitle "playchess.com"]
[Source "ChessBase"]
[SourceQuality "1"]
[TimeControl "5400+30"]

1. e4 c5 2. Nf3 Nc6 3. d4 cxd4 4. Nxd4 e5 5. Nb5 d6 6. N1c3 a6 7. Na3 Be7 8. Be3 Nf6 9. Nc4 b5 10. Nb6 Rb8 11. Nxc8 Qxc8 12. Be2 O-O 13. O-O b4 14. Nd5 Nxe4 15. a4 a5 16. Bb5 Bd8 17. Rc1 Ne7 18. c3 bxc3 19. f3 Nxd5 20. Qxd5 Nf6 21. Qxd6 Bc7 22. Qa3 Nd5 23. Bc5 Bb6 24. Bxb6 Rxb6 25. Rfd1 Rd8 26. bxc3 h5 27. Rd2 Ne3 28. Re2 Nc4 29. Qa2 Qc5+ 30. Kh1 Na3 31. c4 Rbd6 32. Qa1 Rd4 33. h3 f6 34. Ra2 Rd2 35. Rxd2 Rxd2 36. Qc3 Qf2 37. Rg1 Nc2 38. c5 Ne3 39. c6 Rd1 40. Qb3+ Kh7 41. Qxd1 Nxd1 42. Rxd1 Qc5 43. Kh2 f5 44. Rd7 e4 45. fxe4 fxe4 46. c7 e3 47. Ba6 1/2-1/2

[Event "Irish New Year Events-GM 2020"]
[Site "Dublin"]
[Date "2020.01.04"]
[Round "5.2"]
[White "Fitzsimons, David"]
[Black "Pajeken, Jakob Leon"]
[Result "1/2-1/2"]
[ECO "C48"]
[WhiteElo "2317"]
[BlackElo "2327"]
[Annotator "NA"]
[PlyCount "52"]
[EventDate "2020.01.02"]
[EventType "tourn"]
[EventCountry "IRL"]
[SourceTitle "playchess.com"]
[Source "ChessBase"]
[SourceQuality "1"]
[TimeControl "5400+30"]

1. e4 e5 2. Nf3 Nc6 3. Nc3 Nf6 4. Bb5 Bd6 5. d3 h6 6. a3 a6 7. Ba4 b5 8. Bb3 Bb7 9. h3 Be7 10. Bd2 d6 11. Nd5 Nxd5 12. Bxd5 Bf6 13. a4 Qc8 14. c4 Na7 15. cxb5 axb5 16. Qb3 O-O 17. axb5 Nxb5 18. O-O c6 19. Rxa8 Qxa8 20. Bc4 Nc7 21. Bb4 c5 22. Bc3 Bc6 23. Qb6 Ne6 24. b4 Rb8 25. Qa5 cxb4 26. Bxb4 Qxa5 1/2-1/2

[Event "Irish New Year Events-GM 2020"]
[Site "Dublin"]
[Date "2020.01.04"]
[Round "5.3"]
[White "Astaneh Lopez, Alex"]
[Black "Turner, Matthew J"]
[Result "1/2-1/2"]
[ECO "A39"]
[WhiteElo "2432"]
[BlackElo "2521"]
[Annotator "ChessBase"]
[PlyCount "28"]
[EventDate "2020.01.02"]
[EventType "tourn"]
[EventCountry "IRL"]
[SourceTitle "playchess.com"]
[Source "ChessBase"]
[SourceQuality "1"]
[TimeControl "5400+30"]

1. Nf3 Nf6 2. g3 c5 3. Bg2 Nc6 4. c4 g6 5. O-O Bg7 6. d4 cxd4 7. Nxd4 O-O 8. Nc3 Nxd4 9. Qxd4 d6 10. Qh4 Rb8 11. Rd1 Qa5 12. Bd2 Qf5 13. e4 Qg4 14. Qxg4 Bxg4 1/2-1/2

[Event "Irish New Year Events-GM 2020"]
[Site "Dublin"]
[Date "2020.01.04"]
[Round "5.5"]
[White "Brady, Stephen"]
[Black "Kosten, Anthony C."]
[Result "1/2-1/2"]
[ECO "C54"]
[WhiteElo "2285"]
[BlackElo "2402"]
[Annotator "ChessBase"]
[PlyCount "85"]
[EventDate "2020.01.02"]
[EventType "tourn"]
[EventCountry "IRL"]
[SourceTitle "playchess.com"]
[Source "ChessBase"]
[SourceQuality "1"]
[TimeControl "5400+30"]

1. e4 e5 2. Nf3 Nc6 3. Bc4 Bc5 4. c3 Nf6 5. d3 O-O 6. Nbd2 a6 7. Bb3 d5 8. Qe2 Ba7 9. h3 h6 10. O-O Re8 11. Rd1 Be6 12. Nf1 Qe7 13. Ng3 Rad8 14. Be3 Bxe3 15. Qxe3 Na5 16. Bxd5 Nxd5 17. exd5 Bxd5 18. Re1 Nc6 19. b3 Qd7 20. Rad1 Re6 21. Nh4 Ne7 22. d4 exd4 23. Qxd4 Rxe1+ 24. Rxe1 Be6 25. Nf3 Nc6 26. Qf4 Qd6 27. Qxd6 Rxd6 28. Kf1 Rd3 29. Re3 Rxe3 30. fxe3 Bd7 31. Ke2 Kf8 32. e4 g6 33. Ke3 Ke7 34. Ne2 Kd6 35. b4 Ne5 36. Nxe5 Kxe5 37. Nf4 Bb5 38. h4 g5 39. hxg5 hxg5 40. Nh3 f6 41. Nf2 b6 42. Ng4+ Ke6 43. g3 1/2-1/2

[Event "Irish New Year Events-GM 2020"]
[Site "Dublin"]
[Date "2020.01.05"]
[Round "6.2"]
[White "Turner, Matthew J"]
[Black "Kosten, Anthony C."]
[Result "1-0"]
[ECO "C67"]
[WhiteElo "2521"]
[BlackElo "2402"]
[Annotator "ChessBase"]
[PlyCount "83"]
[EventDate "2020.01.02"]
[EventType "tourn"]
[EventCountry "IRL"]
[SourceTitle "playchess.com"]
[Source "ChessBase"]
[SourceQuality "1"]
[TimeControl "40/5400+30:1800+30"]

1. e4 e5 2. Nf3 Nc6 3. Bb5 Nf6 4. O-O Nxe4 5. Re1 Nd6 6. Nxe5 Be7 7. Bf1 Nxe5 8. Rxe5 O-O 9. d4 b6 10. Nc3 Bb7 11. Bf4 f5 12. Nd5 Bxd5 13. Rxd5 g6 14. Re5 Nf7 15. Re1 Bd6 16. Qf3 Qf6 17. Bc4 Qxd4 18. Bxd6 cxd6 19. Qb3 Rac8 20. Bd5 Qf6 21. c3 Kg7 22. Qa4 Rc7 23. f4 g5 24. Rad1 gxf4 25. Bxf7 Rxf7 26. Qxf4 Rc6 27. Rd3 Kf8 28. Rd5 a6 29. a4 Qg6 30. Re3 Qg4 31. Qh6+ Qg7 32. Qh4 Qf6 33. Qf4 Qg6 34. h3 Rf6 35. b4 Qf7 36. c4 b5 37. axb5 axb5 38. Rxb5 Rxc4 39. Rb8+ Kg7 40. Rg3+ Rg6 41. Qxd6 f4 42. Rxg6+ 1-0

[Event "Irish New Year Events-GM 2020"]
[Site "Dublin"]
[Date "2020.01.05"]
[Round "6.3"]
[White "Pajeken, Jakob Leon"]
[Black "Brady, Stephen"]
[Result "1-0"]
[ECO "A47"]
[WhiteElo "2327"]
[BlackElo "2285"]
[Annotator "NA"]
[PlyCount "45"]
[EventDate "2020.01.02"]
[EventType "tourn"]
[EventCountry "IRL"]
[SourceTitle "playchess.com"]
[Source "ChessBase"]
[SourceQuality "1"]
[TimeControl "40/5400+30:1800+30"]

1. d4 Nf6 2. Nf3 e6 3. Bf4 b6 4. Nbd2 Bb7 5. e3 Be7 6. h3 O-O 7. Bd3 c5 8. c3 Nc6 9. O-O d6 10. Qe2 Re8 11. Rfd1 cxd4 12. exd4 Bf8 13. Nc4 Ba6 14. Bg5 d5 15. Nce5 Bxd3 16. Rxd3 Qc7 17. Nxc6 Qxc6 18. Ne5 Qc7 19. Bxf6 gxf6 20. Rg3+ Kh8 21. Qg4 Bh6 22. Qh5 fxe5 23. Qxh6 1-0

[Event "Irish New Year Events-GM 2020"]
[Site "Dublin"]
[Date "2020.01.05"]
[Round "6.5"]
[White "Fitzsimons, David"]
[Black "Astaneh Lopez, Alex"]
[Result "0-1"]
[ECO "B23"]
[WhiteElo "2317"]
[BlackElo "2432"]
[Annotator "ChessBase"]
[PlyCount "126"]
[EventDate "2020.01.02"]
[EventType "tourn"]
[EventCountry "IRL"]
[SourceTitle "playchess.com"]
[Source "ChessBase"]
[SourceQuality "1"]
[TimeControl "40/5400+30:1800+30"]

1. e4 c5 2. Nc3 Nc6 3. Bb5 g6 4. Bxc6 dxc6 5. d3 Bg7 6. Be3 b6 7. Qd2 e5 8. f4 Qh4+ 9. g3 Qg4 10. Nge2 exf4 11. Bxf4 Qe6 12. O-O Nf6 13. Bh6 O-O 14. Bxg7 Kxg7 15. Rf4 Qe5 16. Raf1 Ng8 17. Kg2 Be6 18. Ng1 f6 19. Nf3 Qc7 20. Nd1 Rae8 21. Qc3 h6 22. h4 Qd7 23. Kh2 Rf7 24. Ne3 Kh7 25. Nc4 Ref8 26. Nfe5 fxe5 27. Nxe5 Rxf4 28. Nxd7 Rxf1 29. Nxf8+ Rxf8 30. Qe5 Re8 31. Qc7+ Re7 32. Qxc6 Bxa2 33. Kg1 Bb1 34. Qa4 b5 35. Qb3 a6 36. Kf2 c4 37. dxc4 Nf6 38. cxb5 axb5 39. Qb4 Re5 40. Qd4 Bxc2 41. Qa7+ Kg8 42. Qb8+ Re8 43. Qxb5 Bxe4 44. Kg1 Kf7 45. g4 Rd8 46. g5 hxg5 47. hxg5 Nd5 48. Qc4 Bf5 49. Kf2 Be6 50. Qc5 Rd7 51. Kf3 Rb7 52. Qd4 Rb3+ 53. Kf2 Ke7 54. Qg7+ Bf7 55. Qe5+ Kd7 56. Ke2 Re3+ 57. Kf2 Rb3 58. Qg7 Ke6 59. Qd4 Kd6 60. Ke2 Be6 61. Kf2 Bf7 62. Qg7 Ke6 63. Qd4 Kf5 0-1

[Event "Irish New Year Events-GM 2020"]
[Site "Dublin"]
[Date "2020.01.05"]
[Round "7.1"]
[White "Collins, Sam E."]
[Black "Fitzsimons, David"]
[Result "1-0"]
[ECO "B52"]
[WhiteElo "2446"]
[BlackElo "2317"]
[Annotator "ChessBase"]
[PlyCount "37"]
[EventDate "2020.01.02"]
[EventType "tourn"]
[EventCountry "IRL"]
[SourceTitle "playchess.com"]
[Source "ChessBase"]
[SourceQuality "1"]
[TimeControl "5400+30"]

1. e4 c5 2. Nf3 d6 3. Bb5+ Bd7 4. Bxd7+ Nxd7 5. O-O Ngf6 6. Re1 e6 7. b3 Be7 8. Bb2 O-O 9. d4 cxd4 10. Bxd4 b5 11. Nbd2 Qc7 12. c4 Qb7 13. Qe2 bxc4 14. Nxc4 a5 15. Rab1 Rfc8 16. e5 dxe5 17. Nfxe5 Rd8 18. Nxf7 Rdc8 19. Nfe5 1-0

[Event "Irish New Year Events-GM 2020"]
[Site "Dublin"]
[Date "2020.01.05"]
[Round "7.3"]
[White "Ryan, Joseph"]
[Black "Astaneh Lopez, Alex"]
[Result "0-1"]
[ECO "C54"]
[WhiteElo "2293"]
[BlackElo "2432"]
[Annotator "RC"]
[PlyCount "144"]
[EventDate "2020.01.02"]
[EventType "tourn"]
[EventCountry "IRL"]
[SourceTitle "playchess.com"]
[Source "ChessBase"]
[SourceQuality "1"]
[TimeControl "5400+30"]

1. e4 e5 2. Nf3 Nc6 3. Bc4 Bc5 4. O-O Nf6 5. d3 d6 6. c3 O-O 7. Bb3 a6 8. h3 h6 9. Re1 Re8 10. Nbd2 Be6 11. Nf1 d5 12. Ng3 dxe4 13. Nxe4 Nxe4 14. dxe4 Qxd1 15. Bxd1 Rad8 16. Bc2 Bb6 17. Nd2 Na5 18. Nf1 Nc4 19. b3 Nd6 20. a4 a5 21. Ba3 Rd7 22. Rad1 Red8 23. Re2 Ne8 24. Red2 Rxd2 25. Rxd2 Ra8 26. Rd1 Nf6 27. Nd2 Nh5 28. Kf1 Nf4 29. Nf3 f6 30. Ne1 Bf7 31. Nd3 Ne6 32. Ke2 Bh5+ 33. f3 Kf7 34. Nb2 Ke8 35. Nc4 Bc5 36. Bc1 Bf7 37. g3 Ng5 38. Nxa5 Rxa5 39. Bxg5 hxg5 40. b4 Bc4+ 41. Kd2 Ra8 42. bxc5 Rd8+ 43. Ke3 Rxd1 44. Bxd1 Kd7 45. f4 gxf4+ 46. gxf4 Kc6 47. fxe5 fxe5 48. h4 Kxc5 49. Kd2 Kb6 50. Bc2 Ka5 51. Kc1 Bf7 52. Kb2 Be8 53. Ka3 Bc6 54. Bd3 Bxa4 55. Kb2 Kb6 56. Kc1 Kc5 57. Kd2 Be8 58. Be2 Bg6 59. Ke3 b5 60. h5 Bh7 61. Kf3 b4 62. cxb4+ Kd4 63. Kg4 Kxe4 64. Kg5 Ke3 65. Bg4 e4 66. h6 gxh6+ 67. Kxh6 Kf4 68. Be2 Bf5 69. Kh5 Bh3 70. Kg6 Bg4 71. Bc4 e3 72. Kf6 e2 0-1

[Event "Irish New Year Events-GM 2020"]
[Site "Dublin"]
[Date "2020.01.05"]
[Round "7.4"]
[White "Brady, Stephen"]
[Black "Turner, Matthew J"]
[Result "1/2-1/2"]
[ECO "B12"]
[WhiteElo "2285"]
[BlackElo "2521"]
[Annotator "ChessBase"]
[PlyCount "81"]
[EventDate "2020.01.02"]
[EventType "tourn"]
[EventCountry "IRL"]
[SourceTitle "playchess.com"]
[Source "ChessBase"]
[SourceQuality "1"]
[TimeControl "5400+30"]

1. e4 c6 2. d4 d5 3. e5 c5 4. dxc5 Nc6 5. a3 e6 6. Nf3 Bxc5 7. b4 Bb6 8. Bb2 Nge7 9. Bd3 Ng6 10. O-O O-O 11. Re1 f6 12. exf6 gxf6 13. c4 Nf4 14. cxd5 Qxd5 15. Bf1 e5 16. Qxd5+ Nxd5 17. Nbd2 Be6 18. Nc4 Rad8 19. Nxb6 Nxb6 20. Rac1 Rf7 21. Bb5 Bd5 22. Nh4 a6 23. Be2 Kf8 24. f4 exf4 25. Bh5 Nc4 26. Bxf7 Kxf7 27. Re2 Rg8 28. Rxc4 Bxc4 29. Re4 Bb5 30. Rxf4 Rd8 31. Rxf6+ Ke8 32. g4 Rd1+ 33. Kg2 Nd4 34. Bxd4 Rxd4 35. Kg3 Bc6 36. Re6+ Kf7 37. Re3 h5 38. gxh5 Kf6 39. Ng6 Rd5 40. h4 Rxh5 41. Nf4 1/2-1/2

[Event "Irish New Year Events-GM 2020"]
[Site "Dublin"]
[Date "2020.01.05"]
[Round "7.5"]
[White "Pajeken, Jakob Leon"]
[Black "Li, Henry"]
[Result "1-0"]
[ECO "E62"]
[WhiteElo "2327"]
[BlackElo "2288"]
[Annotator "ChessBase"]
[PlyCount "77"]
[EventDate "2020.01.02"]
[EventType "tourn"]
[EventCountry "IRL"]
[SourceTitle "playchess.com"]
[Source "ChessBase"]
[SourceQuality "1"]
[TimeControl "5400+30"]

1. d4 Nf6 2. Nf3 g6 3. g3 Bg7 4. Bg2 O-O 5. O-O d6 6. c4 Nc6 7. Nc3 e5 8. dxe5 dxe5 9. Bg5 Be6 10. Qa4 Qc8 11. Nd2 Bd7 12. Rad1 Ne8 13. Nde4 Nd4 14. Qa3 f6 15. Be3 Nc2 16. Qb3 Nxe3 17. fxe3 Bc6 18. Nd5 Bxd5 19. cxd5 Nd6 20. Rc1 Qd7 21. Nc5 Qe7 22. Ne6 Rfc8 23. Rc3 a5 24. Rfc1 a4 25. Qd1 Bh6 26. Rxc7 Bxe3+ 27. Kh1 Rxc7 28. Rxc7 Qxc7 29. Nxc7 Rc8 30. Qc2 Bb6 31. Qxa4 Rxc7 32. h4 Nf5 33. d6 Rc1+ 34. Kh2 Kg7 35. d7 Ne3 36. Qb4 Bd4 37. Qe7+ Kh6 38. Qf8+ Kh5 39. Bf3+ 1-0

[Event "Irish New Year Events-GM 2020"]
[Site "Dublin"]
[Date "2020.01.06"]
[Round "8.2"]
[White "Pang, Khai Jie Ryan"]
[Black "Brady, Stephen"]
[Result "1/2-1/2"]
[ECO "A47"]
[WhiteElo "1841"]
[BlackElo "2285"]
[Annotator "ChessBase"]
[PlyCount "158"]
[EventDate "2020.01.02"]
[EventType "tourn"]
[EventCountry "IRL"]
[SourceTitle "playchess.com"]
[Source "ChessBase"]
[SourceQuality "1"]
[TimeControl "40/5400+30:1800+30"]

1. d4 Nf6 2. Nf3 e6 3. Bf4 b6 4. e3 Bb7 5. h3 Be7 6. Nbd2 O-O 7. Bd3 c5 8. c3 Nc6 9. O-O d6 10. Bh2 Re8 11. Qe2 cxd4 12. exd4 Bf8 13. Rfe1 Ne7 14. a4 Ng6 15. a5 Bc6 16. Bb5 Qd7 17. Bxc6 Qxc6 18. Qc4 Qd7 19. axb6 axb6 20. Ra6 b5 21. Qa2 Rab8 22. Ra7 Qc6 23. Ng5 Rb7 24. Ra8 Rxa8 25. Qxa8 Nd5 26. Ra1 Nb6 27. Qa6 Qd5 28. Ngf3 Nc4 29. b3 Nxd2 30. Nxd2 Nh4 31. Nf3 Nxf3+ 32. gxf3 Rb8 33. Kg2 h5 34. c4 bxc4 35. Qxc4 Qg5+ 36. Kh1 Qf5 37. Kg2 Kh7 38. Rd1 d5 39. Qd3 Qxd3 40. Rxd3 Rb4 41. Bf4 Kg6 42. Bd2 Rb6 43. Be3 Kf5 44. Rc3 Bd6 45. Kf1 g5 46. Kg2 f6 47. Kf1 Bh2 48. Kg2 Bb8 49. Kf1 Bd6 50. Kg2 Ba3 51. Kf1 Bb2 52. Rd3 Rb5 53. Ke2 e5 54. Kf1 e4 55. fxe4+ Kxe4 56. Ke2 g4 57. hxg4 hxg4 58. Bd2 Bxd4 59. f3+ gxf3+ 60. Rxf3 Be5 61. Re3+ Kf5 62. b4 d4 63. Rh3 Ke4 64. Rh4+ Kd5 65. Kd3 Rb8 66. Rh7 Ra8 67. Rd7+ Kc6 68. Rf7 Ra2 69. Rf8 Rb2 70. Ra8 Kd5 71. Ra5+ Ke6 72. Ra8 Bd6 73. Ra6 Kd5 74. Ra5+ Kc6 75. Ra6+ Kc7 76. Bh6 Rxb4 77. Rxd6 Rb3+ 78. Kc4 Kxd6 79. Kxb3 Kd5 1/2-1/2